 Dungeon Crawl Stone Soup version 0.29.1-15-g9cfb28693d (webtiles) character file.

Game seed: 11162847538758693317

392 NamelessAdventurer the Chopper (level 7, 59/59 HPs)
             Began as a Meteoran Fighter on Apr 12, 2023.
             Quit the game on level 5 of the Dungeon.
             The game lasted 00:05:24 (1011 turns).

NamelessAdventurer the Chopper (Meteoran Fighter)   Turns: 1011, Time: 00:05:24

Health: 59/59      AC:  8    Str: 18    XL:     7   Next: 30%
Magic:  8/8        EV: 10    Int: 11    God:
Gold:   152        SH:  6    Dex: 14    Spells: 6/6 levels left

rFire   . . .      SeeInvis .   a - +0 war axe
rCold   . . .      Faith    .   c - +1 buckler
rNeg    . . .      Spirit   .   b - +1 scale mail
rPois   .          Reflect  .   (no helmet)
rElec   .          Harm     .   (no cloak)
rCorr   .          Rampage  .   (no gloves)
Will    .....                   (no boots)
Stlth   ..........              (no amulet)
HPRegen 0.19/turn               (no ring)
MPRegen 0.11/turn               (no ring)

@: glowing
A: sense surroundings 1, otherworldly, glowing, explore regen
a: no special abilities


You were on level 5 of the Dungeon.
You visited 1 branch of the dungeon, and saw 5 of its levels.
You also visited: Ossuary.

You collected 152 gold pieces.

Inventory:

Hand Weapons
 a - a +0 war axe (weapon)
Missiles
 h - a javelin
 i - 4 boomerangs (quivered)
Armour
 b - a +1 scale mail (worn)
 c - a +1 buckler (worn)
Scrolls
 e - a scroll of immolation
 f - a scroll of identify
 l - a scroll of fog
 m - a scroll of vulnerability
Potions
 d - a potion of might
 g - a potion of degeneration {unknown}
 j - 5 potions of curing {unknown}
 k - a potion of mutation {unknown}
 n - a potion of attraction {unknown}
 o - 2 potions of magic {unknown}


   Skills:
 * Level 4.2 Fighting
 * Level 5.5 Axes
 * Level 1.8 Throwing
 * Level 4.6 Armour
 * Level 2.1 Dodging
 * Level 1.3 Stealth
 * Level 4.4 Shields


You had 6 spell levels left.
You didn't know any spells.
Your spell library contained the following spells:

 Spells                   Type           Power      Damage    Failure   Level
 Confusing Touch          Hex            0%         N/A       99%         3
 Summon Ice Beast         Ice/Summ       0%         N/A       100%        4
 Summon Mana Viper        Hex/Summ       0%         N/A       100%        5
 Yara's Violent Unravell  Hex/Tmut       0%         3d3       100%        5
 Enfeeble                 Hex            0%         N/A       100%        7
 Monstrous Menagerie      Summ           0%         N/A       100%        7


Dungeon Overview and Level Annotations

Branches:
Dungeon (5/15) Zot: 2094  Ossuary (visited)
 Temple: D:4-7

Altars:
Elyvilon


Innate Abilities, Weirdness & Mutations

You passively map a small area around you.
You are easily found by Zot.
You glow in the dark.
You regain HP and MP as you explore.


Message History

Found a spear.
Found a book of Misfortune.
An adder comes into view.
The adder hisses angrily.
Found a stone staircase leading up.
The adder closely misses you.
You completely miss the adder. The adder bites you but does no damage.
You miss the adder. The adder bites you but does no damage.
The adder bites you.
You barely miss the adder. You block the adder's attack. x2
You miss the adder. You block the adder's attack.
You hit the adder but do no damage. You block the adder's attack. x2
You hit the adder but do no damage. The adder bites you but does no damage.
The adder bites you.
You are poisoned.
The adder poisons you!
You hit the adder but do no damage.
You feel sick. The adder misses you.
You closely miss the adder.
You feel sick. You block the adder's attack. The adder barely misses you.
You miss the adder.
You feel sick. The adder misses you. The adder bites you but does no damage.
You hit the adder.
The adder is heavily wounded.
You feel sick. The adder closely misses you.
You hit the adder.
The adder is heavily wounded.
You feel sick.
You are no longer poisoned.
The adder bites you but does no damage. x2
You hit the adder.
The adder is almost dead.
You block the adder's attack. The adder bites you but does no damage.
You miss the adder.
The adder is almost dead.
The adder bites you.
You slash the adder!
You kill the adder!
You see here an adder corpse.
You pick up a book of Misfortune and begin reading...
You add the spells Confusing Touch, Yara's Violent Unravelling and Enfeeble to your library.
Are you sure you want to abandon this character and quit the game? (Confirm with "yes".)

..# * ..# ..# *
*..# , ##.. * #..
#.#.# * *##* #@#.#
* .. *#.#<# ,
,...#.##.#.##### *
...............
.....##...#.###* *
#.#..##...# ** #.
#.#..#....# * .
*#.# #)#..#...##, *
.#####.###.#..#...#
, ,


There were no monsters in sight!

Vanquished Creatures
  A necrophage (D:5)
  A scorpion (D:4)
  A human zombie (Ossuary)
  A jelly (D:4)
  An iguana (D:5)
  Natasha (thrice) (D:4)
  3 mummies (Ossuary)
  3 adders
  An adder zombie (Ossuary)
  A worm (D:2)
  A bat (D:2)
  2 endoplasms
  A giant cockroach (D:1)
  5 goblins
  4 hobgoblins
  5 jackals
  3 kobolds
  2 frilled lizards
  4 goblin zombies (Ossuary)
  3 hobgoblin zombies (Ossuary)
  An orc zombie (Ossuary)
  5 quokka zombies (Ossuary)
  4 rats
  3 rat zombies (Ossuary)
59 creatures vanquished.

Notes
Turn   | Place    | Note
-------+----------+-------------------------------------------
     0 | D:1      | NamelessAdventurer the Meteoran Fighter began the quest for
                  | the Orb.
     0 | D:1      | Reached XP level 1. HP: 19/19 MP: 2/2
    68 | D:1      | Reached XP level 2. HP: 22/26 MP: 3/3
   204 | D:2      | Reached XP level 3. HP: 22/31 MP: 4/4
   356 | D:3      | Reached skill level 3 in Axes
   362 | D:3      | Reached XP level 4. HP: 23/40 MP: 5/5
   432 | D:4      | Found a sand-covered staircase.
   448 | Ossuary  | Entered an ossuary
   457 | Ossuary  | Reached skill level 1 in Dodging
   457 | Ossuary  | Reached XP level 5. HP: 34/46 MP: 6/6
   548 | Ossuary  | Reached skill level 4 in Axes
   668 | D:4      | Reached skill level 1 in Throwing
   668 | D:4      | Reached skill level 1 in Stealth
   668 | D:4      | Reached XP level 6. HP: 18/52 MP: 7/7
   692 | D:4      | Noticed Natasha
   704 | D:4      | Killed Natasha
   745 | D:4      | Found a white marble altar of Elyvilon.
   755 | D:4      | Reached skill level 5 in Axes
   867 | D:4      | Noticed Natasha
   881 | D:4      | Killed Natasha
   894 | D:4      | Noticed Natasha
   898 | D:4      | Killed Natasha
   903 | D:5      | Entered Level 5 of the Dungeon
   923 | D:5      | Reached XP level 7. HP: 50/59 MP: 8/8
  1011 | D:5      | Quit the game

Illustrated notes

Levels and vault maps discovered:
D:1:      tarquinn_simple_flora_water_a, layout_basic,
          chequers_serial_rivers_micro_c, minmay_tetromino_i4
D:2:      layout_rooms
D:3:      layout_loops_corners, okawaru_gym_becter, slow_altar_2,
          amcnicky_altar_gilded
D:4:      layout_cave_pools, mainiacjoe_overflow_small_starburst,
          nicolae_elyvilon_peaceful_grove, chequers_ossuary_entry_cave,
          minmay_small_thing, uniq_natasha
D:5:      layout_loops_ring, grunt_temple_overflow_forces_of_nature

Skill      XL: |  1  2  3  4  5  6 |
---------------+-------------------+-----
Axes           | 3 4 5 |  5.5
Armour         | 4 |  4.6
Dodging        | 1 2 |  2.1
Shields        | 4 |  4.4
Throwing       | 1 |  1.8
Stealth        | 1 |  1.3
Fighting       | 4 |  4.2

Action                   |  1- 3 |  4- 6 |  7- 9 || total
-------------------------+-------+-------+-------++-------
Melee: War axe           |    64 |   108 |    21 ||   193
Throw: Javelin           |       |     2 |       ||     2
  Use: Scroll            |       |     5 |       ||     5
Armor: Scale mail        |    53 |    63 |     9 ||   125
Dodge: Dodged            |    29 |    40 |     8 ||    77
Block: Buckler           |    20 |    33 |     7 ||    60
